 Dungeon Crawl Stone Soup version 0.20.0-10-g0535bb4 (webtiles) character file.

2375 Gorglomux the Skirmisher (level 9, -15/74 HPs)
             Began as a Formicid Wizard on June 7, 2017.
             Was an Initiate of Gozag.
             Demolished by a two-headed ogre
             ... wielding a +0 giant spiked club
              (20 damage)
             ... on level 8 of the Dungeon.
             The game lasted 00:20:23 (7699 turns).

Gorglomux the Skirmisher (Formicid Wizard)          Turns: 7699, Time: 00:20:33

Health: -15/74     AC: 18    Str: 14    XL:     9   Next: 73%
Magic:  13/13      EV:  6    Int: 19    God:    Gozag
Gold:   838        SH: 11    Dex:  9    Spells: 13/14 levels left

rFire    . . .     SeeInvis +   a - +2 dagger (venom)
rCold    . . .     Gourm    .   B - +2 shield
rNeg     . . .     Faith    +   E - +0 chain mail (curse)
rPois    .         Spirit   .   (helmet unavailable)
rElec    .         Reflect  .   (no cloak)
rCorr    .         Harm     .   (no gloves)
MR       .....                  (no boots)
Stlth    ..........             Z - amulet of faith (curse)
Regen    0.3/turn               A - +3 ring of protection
MPRegen  0.2/turn               Y - +6 ring of protection

@: no status effects
A: permanent stasis, dig shafts and tunnels, four strong arms, antennae 3
a: Dig, Shaft Self, Potion Petition, Call Merchant, Bribe Branch, Renounce
Religion


You were on level 8 of the Dungeon.
You worshipped Gozag.
Gozag was pleased with you.
You were not hungry.

You visited 1 branch of the dungeon, and saw 8 of its levels.
You also visited: Sewer.

You collected 893 gold pieces.
You paid 55 gold pieces to Gozag.

Inventory:

Hand Weapons
 a - a +2 dagger of venom (weapon)
 b - a +0 hand axe
Armour
 B - a +2 shield (worn)
 E - a cursed +0 chain mail (worn)
 F - a +0 robe
Jewellery
 f - an uncursed ring of magical power
 l - an uncursed ring of flight
 w - an uncursed ring of poison resistance {unknown}
 A - a +3 ring of protection (left hand)
 M - an uncursed amulet of the gourmand
 Y - a +6 ring of protection (right hand)
 Z - a cursed amulet of faith (around neck)
Wands
 u - a wand of paralysis (11/24)
 C - a wand of confusion (21/48)
 P - a wand of paralysis (2/24)
Scrolls
 t - a scroll of silence {unknown}
 v - a scroll of noise {unknown}
 y - a scroll of brand weapon {unknown}
 G - 2 scrolls of identify
 K - 2 scrolls of remove curse
 L - 2 scrolls of recharging {unknown}
 O - a scroll of amnesia {unknown}
 R - a scroll of immolation {unknown}
 S - 2 scrolls of enchant weapon {unknown}
 T - 2 scrolls of teleportation
Potions
 s - a potion of flight {unknown}
 x - 3 potions of ambrosia {unknown}
 D - a potion of berserk rage {unknown}
 H - a potion of resistance {unknown}
 J - 3 potions of heal wounds {unknown}
 N - 2 potions of mutation {unknown}
 Q - 4 potions of curing
 U - a potion of degeneration {unknown}
 W - a potion of brilliance {unknown}
Books
 d - a book of Minor Magic

   Spells                             Type                      Level
   a - Magic Dart                     Conjuration                  1
   b - Blink                          Translocation                2
   c - Call Imp                       Summoning                    2
   d - Slow                           Hexes                        2
   e - Conjure Flame                  Conjuration/Fire             3
   f - Mephitic Cloud                 Conjuration/Poison/Air       3
Miscellaneous
 V - a phantom mirror
 X - a lightning rod (1/4)
Comestibles
 c - 4 bread rations
 g - 5 royal jellies
 z - 4 meat rations
 I - 8 fruits


   Skills:
 + Level 7.9 Fighting
 + Level 7.0 Axes
 - Level 4.1 Armour
 - Level 1.7 Dodging
 - Level 2.4 Stealth
 + Level 6.7 Shields
 - Level 3.2 Spellcasting
 - Level 0.8 Conjurations
   Level 1.0 Summonings
   Level 0.8 Translocations


You had 13 spell levels left.
You knew the following spells:

 Your Spells              Type           Power        Failure   Level  Hunger
a - Magic Dart            Conj           #...         98%         1    None


Dungeon Overview and Level Annotations

Branches:
Dungeon (8/15)
 Temple: D:4-7         Lair: D:8-11

Altars:
Cheibriados
Dithmenos
Gozag
Hepliaklqana
Kikubaaqudgha
Makhleb
Okawaru
The Shining One

Annotations:
D:7 scroll transporter, 2 transporters


Innate Abilities, Weirdness & Mutations

You cannot be hasted, slowed, berserked, paralysed or teleported.
You can dig through walls and to a lower floor.
Your four strong arms can wield two-handed weapons with a shield.
You have a pair of large antennae on your head. (SInv)


Message History

There is a stone staircase leading down here.
The two-headed ogre looks more healthy.
Press: ? - help, v - describe, . - travel
Here: a two-headed ogre, wielding two giant spiked clubs (almost dead)
The floor.
You hit the two-headed ogre but do no damage.
The two-headed ogre is almost dead.
The two-headed ogre closely misses you. The two-headed ogre barely misses you.
You hit the two-headed ogre but do no damage.
The two-headed ogre is almost dead.
You block the two-headed ogre's attack. x2
You hit the two-headed ogre.
The two-headed ogre is almost dead.
You hit the two-headed ogre.
The two-headed ogre is almost dead.
The two-headed ogre hits you with a giant spiked club!
* * * LOW HITPOINT WARNING * * *
The two-headed ogre hits you with a giant spiked club!!
You die...
Your body crumbles into a pile of gold.

#.# #).# #.##.#..># #..$.#
#.# #..# #)##.#...# #.####
#.# #..###.##.#..####.##
#.#
#............###...#####
#.#
#................#.......##
##..[.....#..###...#####...
###.....###......## ####
#######.###..#..###### $
........# #.O@..#
#######.###.###.#
#.....###.## ###........#
#######..# #..... ##.####
.# .#


You could see a two-headed ogre.

Vanquished Creatures
  2 orc warriors
  A black bear (D:7)
  A sky beast (D:7)
  4 phantoms
  3 ogres
  A centaur (D:7)
  4 bullfrogs
  5 killer bees (D:7)
  5 crimson imps
  2 orc priests (D:5)
  A jelly (D:5)
  2 centaur skeletons
  A hound (D:6)
  Terence (D:2)
  A bullfrog skeleton (D:4)
  2 iguanas
  An orc wizard (D:6)
  2 worker ants
  A hound skeleton (D:4)
  16 adders
  2 shadow imps
  5 worms
  3 dart slugs
  7 leopard geckos
  19 orcs
  7 bats
  15 giant cockroaches
  2 goblins (D:1)
  2 hobgoblins
  12 jackals
  2 quokkas
  A ball python (D:1)
  10 frilled lizards
  5 kobolds
  2 leopard gecko skeletons
  A quokka zombie (D:5)
  5 rats
156 creatures vanquished.

Notes
Turn   | Place    | Note
-------+----------+-------------------------------------------
     0 | D:1      | Gorglomux the Formicid Wizard began the quest for the Orb.
     0 | D:1      | Reached XP level 1. HP: 13/13 MP: 4/4
    53 | D:1      | Reached skill level 1 in Fighting
   177 | D:1      | Reached XP level 2. HP: 19/21 MP: 6/6
   270 | D:1      | Reached skill level 1 in Axes
   713 | D:1      | Reached XP level 3. HP: 26/27 MP: 7/7
  1191 | D:2      | Noticed Terence
  1441 | D:2      | Killed Terence
  1441 | D:2      | Reached skill level 1 in Shields
  1441 | D:2      | Reached XP level 4. HP: 27/34 MP: 8/8
  1646 | D:2      | You fall through a shaft!
  1950 | D:3      | Noticed a bullfrog
  1964 | D:3      | Killed a bullfrog
  1964 | D:3      | Reached skill level 3 in Fighting
  1964 | D:3      | Reached XP level 5. HP: 39/41 MP: 9/9
  2310 | D:2      | Reached XP level 6. HP: 44/47 MP: 10/10
  2391 | D:2      | Found a burning altar of Makhleb.
  2423 | D:2      | Reached skill level 3 in Axes
  2423 | D:2      | Reached skill level 3 in Shields
  2842 | D:4      | Found a glowing drain.
  2966 | Sewer    | Entered a sewer
  3406 | D:4      | Found an ancient bone altar of Kikubaaqudgha.
  3407 | D:4      | Found a glowing golden altar of the Shining One.
  3445 | D:4      | Reached XP level 7. HP: 52/54 MP: 11/11
  3486 | D:4      | Found an opulent altar of Gozag.
  3502 | D:4      | Became a worshipper of Gozag Ym Sagoz the Greedy
  3727 | D:5      | Entered Level 5 of the Dungeon
  4334 | D:5      | Reached XP level 8. HP: 22/62 MP: 12/12
  4761 | D:5      | Reached skill level 1 in Armour
  5077 | D:5      | Found a snail-covered altar of Cheibriados.
  5675 | D:6      | Reached skill level 6 in Fighting
  5702 | D:6      | You fall through a shaft!
  6059 | D:7      | Reached skill level 3 in Armour
  6194 | D:7      | Reached XP level 9. HP: 70/71 MP: 13/13
  6299 | D:7      | Noticed a wind drake
  6300 | D:7      | Found a sparkling altar of Nemelex Xobeh.
  6316 | D:7      | Reached skill level 6 in Axes
  6321 | D:7      | Noticed a death drake
  6527 | D:7      | Noticed a swamp dragon
  6528 | D:7      | Found a transporter.
  6536 | D:7      | Found a transporter.
  7089 | D:8      | Found a shadowy altar of Dithmenos.
  7111 | D:8      | Found an iron altar of Okawaru.
  7118 | D:8      | Reached skill level 6 in Shields
  7207 | D:8      | Found a hazy altar of Hepliaklqana.
  7602 | D:8      | Noticed a two-headed ogre
  7699 | D:8      | Demolished by a two-headed ogre

Skill      XL: |  1  2  3  4  5  6  7  8  9 |
---------------+----------------------------+-----
Fighting       | 1 2 3 4 5 6 7 |  7.9
Axes           | 1 2 3 4 5 7 |  7.0
Shields        | 1 2 3 5 6 |  6.7
Armour         | 3 4 |  4.1
Dodging        | |  1.7
Stealth        | |  2.4
Spellcasting   | |  3.2
Conjurations   | |  0.8
Summonings     | |  1.0
Translocations | |  0.8

Action                   |  1- 3 |  4- 6 |  7- 9 || total
-------------------------+-------+-------+-------++-------
Melee: Hand axe          |    74 |       |   215 ||   289
       Dagger            |    14 |   258 |   439 ||   711
 Cast: Magic Dart        |    14 |       |       ||    14
 Abil: Dig               |     3 |     1 |    10 ||    14
       Shaft Self        |       |     1 |     1 ||     2
Evoke: Lightning rod     |       |       |     3 ||     3
  Use: Scroll            |     1 |       |     2 ||     3
       Potion            |       |     1 |       ||     1
 Stab: Distracted        |       |       |     1 ||     1
  Eat: Chunk             |     1 |    21 |       ||    22
       Meat ration       |       |       |     2 ||     2
Armor: Robe              |    16 |       |       ||    16
       Chain mail        |     2 |   124 |   268 ||   394
       Skin              |       |     7 |       ||     7
Dodge: Dodged            |    67 |    36 |    75 ||   178
Block: Shield            |    14 |   132 |   304 ||   450
